 Dungeon Crawl Stone Soup version 0.27.0-1-g7a089689b8 (webtiles) character file.

Game seed: 11597653865421593881

43 horus123 the Shield-Bearer (level 3, -7/29 HPs)
             Began as a Human Fighter on Aug 16, 2021.
             Mangled by Sigmund (8 damage)
             ... on level 2 of the Dungeon.
             The game lasted 00:01:59 (1533 turns).

horus123 the Shield-Bearer (Human Fighter)          Turns: 1533, Time: 00:02:00

Health: -7/29      AC:  6    Str: 17    XL:     3   Next: 82%
Magic:  3/3        EV:  7    Int:  8    God:
Gold:   51         SH:  9    Dex: 12    Spells: 2/2 levels left

rFire    . . .     SeeInvis .   a - +0 war axe
rCold    . . .     Faith    +   c - +0 kite shield
rNeg     . . .     Spirit   .   b - +0 scale mail
rPois    .         Reflect  .   (no helmet)
rElec    .         Harm     .   (no cloak)
rCorr    +         Rampage  .   (no gloves)
Will     .....                  (no boots)
Stlth    ..........             i - amulet of faith
HPRegen  0.09/turn              h - ring of resist corrosion
MPRegen  0.08/turn              (no ring)

@: mighty
A: no striking features
a: no special abilities


You were on level 2 of the Dungeon.
You visited 1 branch of the dungeon, and saw 2 of its levels.

You collected 51 gold pieces.

Inventory:

Hand Weapons
 a - a +0 war axe (weapon)
Armour
 b - a +0 scale mail (worn)
 c - a +0 kite shield (worn)
Jewellery
 h - a ring of resist corrosion (left hand)
 i - an amulet of faith (around neck)
Potions
 e - a potion of brilliance {unknown}
 f - a potion of berserk rage {unknown}
 g - 2 potions of curing {unknown}
 j - a potion of attraction {unknown}


   Skills:
 + Level 3.2 Fighting
 + Level 2.6 Axes
 + Level 3.3 Armour
 + Level 0.2 Dodging
 + Level 3.4 Shields


You had 2 spell levels left.
You didn't know any spells.
Your spell library was empty.

Dungeon Overview and Level Annotations

Branches:
Dungeon (2/15)

Altars:

Annotations:
D:2 Sigmund


Message History

You kill the adder!
You slash the jackal!
You kill the jackal!
The jackal bites you. The jackal barely misses you.
You hit the jackal.
You kill the jackal!
You block the jackal's attack.
Sigmund mumbles some strange words.
Sigmund flickers and vanishes!
Deactivating autopickup; reactivate with Ctrl-A.
You block the jackal's attack.
You hit the jackal.
You kill the jackal!
You block the jackal's attack.
You hit the jackal.
The jackal is moderately wounded.
The jackal barely misses you. Something hits you.
You block the jackal's attack. Something completely misses you.
The jackal bites you but does no damage.
You slash the jackal!
You kill the jackal!
Something hits you. Something hits you but does no damage.
You hear some strange, mumbled words.
Something tries to affect you, but you resist.
Your scale mail prevents you from hitting something.
You hear some strange, mumbled words.
You are confused.
You miss something. Something hits you. x2
* * * LOW HITPOINT WARNING * * *
You miss something. Something hits you.
* * * LOW HITPOINT WARNING * * *
Something hits you but does no damage.
You feel very mighty all of a sudden. Something hits you.
* * * LOW HITPOINT WARNING * * *
You're too confused to move!
You feel less confused. You block something's attack.
You closely miss something. Something hits you!
You die...

#......†..#.#
#...........# ##
####.........### ...
..#.........# #..
###.#.........#
#$..#>..#.........#
#..$..............#
#....).....##########
##.........{@.......#
#.......(..##.......
#..?.####..# ......"
#.... #...........
#.... ..[.#......#
###.. .....#......#
... ....###.....##
.....# ....[#


There were no monsters in sight!

Vanquished Creatures
  An adder (D:2)
  A dart slug (D:1)
  6 ball pythons
  2 endoplasms
  A giant cockroach (D:2)
  3 goblins
  A hobgoblin (D:1)
  4 jackals (D:2)
  A quokka (D:1)
  4 bats (D:1)
  2 frilled lizards (D:1)
  3 kobolds (D:1)
  3 rats (D:1)
32 creatures vanquished.

Vanquished Creatures (others)
  A giant cockroach (D:1)
  2 jackals (D:1)
3 creatures vanquished.

Grand Total: 35 creatures vanquished

Notes
Turn   | Place    | Note
-------+----------+-------------------------------------------
     0 | D:1      | horus123 the Human Fighter began the quest for the Orb.
     0 | D:1      | Reached XP level 1. HP: 18/18 MP: 1/1
   158 | D:1      | Reached XP level 2. HP: 22/24 MP: 2/2
   874 | D:1      | Reached XP level 3. HP: 15/29 MP: 3/3
  1520 | D:2      | Noticed Sigmund
  1531 | D:2      | HP: 1/29 [something (4)]
  1533 | D:2      | Mangled by Sigmund

Illustrated notes

Levels and vault maps discovered:
D:1:      matt_arrival_refuge, layout_loops_cross, lemuel_flame_loot_1
D:2:      layout_basic, uniq_sigmund

Action                   || total
-------------------------++-------
Melee: War axe           ||   101
  Use: Potion            ||     1
Armor: Scale mail        ||    67
Dodge: Dodged            ||    40
Block: Kite shield       ||    79
